AoeStats
← EasyStreet

Lombardia

510134747Analyzed
2v2 RM · 2d ago on Sep 29, 2026· 45m 10s· 4 players
Game mode
Random Map
Map size
Medium (4 player)
Population
200
Speed
Normal
Resources
Standard
Victory
Conquest
Starting age
Dark Age
Ending age
Imperial Age
RankedLock teamsTeams togetherTeam positionsShared explorationLock speedFull tech treeHidden civsTurbo modeCheats
Victory
Defeat
🇺🇸 Bohemians · United States
1212
+12
🇺🇸 Cumans · United States
1101
+15
🇧🇪 Bohemians · Belgium
1116
-14
1097
-13
EasyStreet
6:45 Loom
9:02 Feudal Age
10:34 Double-Bit Axe
15:06 Wheelbarrow
21:11 Castle Age
19:01 Horse Collar
20:17 Gold Mining
23:13 Bow Saw
24:16 Scale Barding Armor
24:21 Forging
23:38 Light Cavalry
25:28 Bloodlines
25:32 Forging
26:45 Gold Shaft Mining
31:05 Imperial Age
29:05 Chain Barding Armor
29:20 Iron Casting
29:40 Iron Casting
30:41 Hand Cart
31:19 Cavalier
32:47 Plate Barding Armor
33:12 Blast Furnace
32:08 Stone Mining
34:11 Paladin
35:51 Conscription
AstroBoy1741
3:21 Loom
10:44 Feudal Age
15:57 Castle Age
17:04 Double-Bit Axe
20:43 Bow Saw
24:39 Horse Collar
29:25 Wheelbarrow
31:30 Imperial Age
29:04 Fletching
28:51 Crossbowman
30:06 Bodkin Arrow
30:34 Ballistics
31:22 Chemistry
31:15 Hand Cart
31:06 Heavy Plow
31:54 Town Watch
32:16 Onager
33:26 Siege Engineers
34:28 Conscription
33:44 Arbalester
37:25 Block Printing
37:39 Bracer
37:39 Padded Archer Armor
41:44 Leather Archer Armor
45:03 Scale Mail Armor
45:13 Forging
45:05 Squires
44:51 Arson
44:33 Pikeman
player0
3:23 Loom
11:41 Feudal Age
15:53 Castle Age
13:58 Double-Bit Axe
14:24 Horse Collar
22:31 Wheelbarrow
28:32 Imperial Age
26:54 Scale Mail Armor
27:04 Forging
27:57 Chain Mail Armor
27:38 Pikeman
28:18 Squires
28:04 Arson
29:15 Iron Casting
29:05 Halberdier
30:54 Plate Mail Armor
31:24 Blast Furnace
31:34 Conscription
32:16 Bow Saw
33:44 Blast Furnace
33:12 Heavy Plow
34:35 Chemistry
34:22 Wagenburg Tactics
35:36 Houfnice
35:42 Houfnice
lenkamie plays on touchpad
11:43 Feudal Age
13:38 Loom
18:20 Castle Age
17:46 Double-Bit Axe
17:46 Horse Collar
22:26 Bow Saw
23:48 Wheelbarrow
34:19 Imperial Age
32:46 Forging
32:43 Scale Barding Armor
36:32 Iron Casting
36:18 Chain Barding Armor
37:12 Hand Cart
37:29 Light Cavalry
38:19 Bloodlines
40:35 Blast Furnace
39:36 Scale Mail Armor
40:12 Plate Barding Armor
39:33 Town Watch
40:26 Pikeman
43:28 Chain Mail Armor
43:02 Halberdier
Connection lost

Rejoining the realm…

Still unreachable

The connection could not be restored.

Session expired

The server has moved on; the page needs a fresh start.